 Dungeon Crawl Stone Soup version 0.26.0-10-g1f06aea511 (webtiles) character file.

Game seed: 8263694777151454962

1598 Borgoz the Slasher (level 8, -2/68 HPs)
             Began as a Ghoul Gladiator on Jan 30, 2021.
             Slain by a killer bee (7 damage)
             ... on level 6 of the Dungeon.
             The game lasted 00:10:38 (7460 turns).

Borgoz the Slasher (Ghoul Gladiator)                Turns: 7460, Time: 00:10:39

Health: -2/68      AC:  7    Str: 18    XL:     8   Next: 93%
Magic:  7/7        EV: 14    Int:  3    God:
Gold:   265        SH:  0    Dex: 12    Spells: 7/7 levels left

rFire    . . .     SeeInvis .   a - +2 dagger (elec)
rCold    + . .     Faith    .   (no shield)
rNeg     + + +     Spirit   .   l - +0 leather armour
rPois    ∞         Reflect  .   e - +1 hat
rElec    .         Harm     .   m - +1 cloak
rCorr    .         Rampage  .   (no gloves)
Will     .....                  (no boots)
Stlth    ..........             j - amulet of the acrobat
HPRegen  0.00/turn              c - ring "Casch" {rPois Stlth-}
MPRegen  0.10/turn              (no ring)

@: about to teleport
A: claws 1, cold resistance 1, negative energy resistance 3, inhibited
regeneration, torment resistance, unbreathing
a: no special abilities


You were on level 6 of the Dungeon.
You visited 1 branch of the dungeon, and saw 7 of its levels.

You collected 265 gold pieces.

Inventory:

Hand Weapons
 a - a +2 dagger of electrocution (weapon)
 p - a +0 long sword
Armour
 e - a +1 hat (worn)
 l - a +0 leather armour (worn)
 m - a +1 cloak (worn)
Jewellery
 c - the ring "Casch" (left claw) {rPois Stlth-}
   (You found it on level 5 of the Dungeon)

   [ring of attention]

   It protects you from poison.
   It makes you less stealthy.
 h - an uncursed ring of flight
 j - an amulet of the acrobat (around neck)
Wands
 d - a wand of flame (24)
 n - a wand of acid (4)
 q - a wand of digging (3)
Scrolls
 f - a scroll of teleportation
 g - 2 scrolls of magic mapping
 i - 2 scrolls of enchant weapon
 k - 2 scrolls of blinking
 o - a scroll of amnesia
 r - 3 scrolls of remove curse
 s - a scroll of identify
Potions
 b - 2 potions of might


   Skills:
 + Level 5.3 Fighting
 * Level 6.4 Long Blades
 - Level 1.7 Throwing
 * Level 5.5 Armour
 + Level 4.8 Dodging


You had 7 spell levels left.
You didn't know any spells.
Your spell library contained the following spells:

 Spells                   Type           Power        Failure   Level
 Beastly Appendage        Tmut           Unusable     N/A         1
 Wereblood                Tmut           Unusable     N/A         2
 Spider Form              Tmut/Pois      Unusable     N/A         3
 Ice Form                 Ice/Tmut       Unusable     N/A         4
 Blade Hands              Tmut           Unusable     N/A         5

Dungeon Overview and Level Annotations

Branches:
Dungeon (7/15)
 Temple: D:4-7

Altars:

Shops:
D:5 *


Innate Abilities, Weirdness & Mutations

You thrive by killing the living.
You are immune to poison.
You have sharp fingernails.
Your flesh is cold resistant. (rC+)
You are immune to negative energy. (rN+++)
You do not regenerate when monsters are visible.
You are immune to unholy pain and torment.
You can survive without breathing.


Message History

The killer bee misses you. x2; The killer bee completely misses you.
You hit the killer bee.
The killer bee is heavily wounded.
The killer bee misses you. The killer bee closely misses you.
The killer bee stings you.
* * * LOW HITPOINT WARNING * * *
You hit the killer bee.
Lightning courses through the killer bee!!
You kill the killer bee!
The killer bee stings you but does no damage.
The killer bee barely misses you.
You hit the killer bee.
The killer bee is lightly wounded.
The killer bee barely misses you.
You hit the killer bee.
The killer bee is heavily wounded.
The killer bee stings you.
* * * LOW HITPOINT WARNING * * *
The killer bee stings you!
You die...

##..........##..##..
#...............#...
#...........##......
##......##....#......
#........#...........
#................[.##
##.##......#..##.....
####......#.......#.
#@y.....#.........
###...............
####.##............
#.....#............
#....."............
#......#...........
#..8..###.......##.
##..............##.
#.8.#..#........##


You could see a killer bee.

Vanquished Creatures
  Grinder (D:5)
  Sigmund (D:2)
  Edmund (D:5)
  3 ogres
  A gnoll sergeant (D:5)
  3 killer bees
  3 scorpions
  A centaur zombie (D:5)
  A hound (D:4)
  3 worker ants (D:4)
  Terence (D:2)
  Natasha (twice) (D:4)
  2 orc wizards (D:4)
  A killer bee zombie (D:5)
  7 gnolls
  13 adders
  An ooze (D:4)
  A worm (D:2)
  The ghost of Goblin1989 the Sneak, a weakling DsDe (D:5)
  A dart slug (D:3)
  2 leopard geckos
  3 orcs
  7 bats
  4 giant cockroaches
  5 hobgoblins
  11 jackals
  4 quokkas
  4 ball pythons
  4 frilled lizards
  A giant cockroach zombie (D:5)
  10 goblins
  5 kobolds
  8 rats
116 creatures vanquished.

Notes
Turn   | Place    | Note
-------+----------+-------------------------------------------
     0 | D:1      | Borgoz the Ghoul Gladiator began the quest for the Orb.
     0 | D:1      | Reached XP level 1. HP: 17/17 MP: 0/0
   379 | D:1      | Reached XP level 2. HP: 24/24 MP: 1/1
   532 | D:1      | Reached skill level 3 in Long Blades
   535 | D:1      | Reached skill level 1 in Armour
   773 | D:2      | Reached XP level 3. HP: 28/30 MP: 2/2
   887 | D:2      | Noticed Sigmund
   917 | D:2      | Killed Sigmund
   918 | D:2      | Reached XP level 4. HP: 6/38 MP: 3/3
   918 | D:2      | Reached XP level 5. HP: 8/45 MP: 4/4
  1553 | D:2      | Noticed Terence
  1560 | D:2      | Killed Terence
  1561 | D:2      | Reached skill level 4 in Long Blades
  1561 | D:2      | Reached XP level 6. HP: 43/51 MP: 5/5
  2299 | D:3      | You fall into a shaft and drop 1 floor!
  2446 | D:4      | Reached XP level 7. HP: 46/58 MP: 6/6
  3644 | D:4      | Noticed Natasha
  3648 | D:4      | Killed Natasha
  4303 | D:4      | Noticed Natasha
  4328 | D:4      | Killed Natasha
  4334 | D:4      | HP: 2/59 [orc/+0 short sword (7)]
  4545 | D:4      | Reached skill level 5 in Long Blades
  4740 | D:5      | Entered Level 5 of the Dungeon
  4740 | D:5      | Noticed Edmund
  4773 | D:5      | Killed Edmund
  4774 | D:5      | Reached XP level 8. HP: 21/67 MP: 7/7
  6306 | D:5      | Found a runed translucent door.
  6317 | D:5      | Noticed Goblin1989's ghost (weakling DsDe)
  6348 | D:5      | Killed Goblin1989's ghost
  6543 | D:5      | Reached skill level 5 in Armour
  6543 | D:5      | Found Eoomoy's Eclectic Emporium.
  6567 | D:5      | Got a faintly glowing brass ring
  6568 | D:5      | Identified the ring "Casch" {rPois Stlth-} (You found it on
                  | level 5 of the Dungeon)
  6589 | D:5      | Noticed Grinder
  6604 | D:5      | Paralysed by Grinder for 7 turns
  6616 | D:5      | Killed Grinder
  6617 | D:5      | Reached skill level 5 in Fighting
  6617 | D:5      | Reached skill level 6 in Long Blades
  7460 | D:6      | Slain by a killer bee

Illustrated notes

Levels and vault maps discovered:
D:1:      dpeg_arrival_refuge, layout_rooms
D:2:      layout_basic, uniq_terence, uniq_sigmund
D:3:      layout_basic
D:4:      layout_layer_cave, grunt_tough_drop, uniq_natasha
D:5:      layout_cave_pools, ebering_ghost_sewer_d, nicolae_alphabet_shops,
          grunt_ministairs_2, uniq_grinder, uniq_edmund
D:6:      layout_cave_pools, serial_column_ruins, column_ruins_grid_1,
          column_ruins_columns_corner, column_ruins_columns_corner,
          chequers_serial_rivers_large_b
D:7:      layout_cave_pools, zin_treasury, minmay_temple_entry_mist,
          kennysheep_minor_cross

Skill      XL: |  1  2  3  4  5  6  7  8 |
---------------+-------------------------+-----
Long Blades    | 3 4 5 6 |  6.4
Armour         | 1 2 3 4 5 |  5.5
Dodging        | 3 4 |  4.8
Fighting       | 3 4 5 |  5.3
Throwing       | |  1.7

Action                   |  1- 3 |  4- 6 |  7- 9 || total
-------------------------+-------+-------+-------++-------
Melee: Long sword        |    35 |       |       ||    35
       Dagger            |    44 |   113 |   322 ||   479
Throw: Throwing net      |     3 |     1 |     5 ||     9
  Use: Scroll            |     3 |     1 |    10 ||    14
       Potion            |     1 |       |     5 ||     6
 Stab: Sleeping          |       |       |     3 ||     3
       Held in net/web   |       |       |     1 ||     1
Armor: Leather armour    |    25 |    33 |   124 ||   182
Dodge: Dodged            |    69 |    63 |   349 ||   481
       Rpst.: Long sword |     9 |       |       ||     9
